 Dungeon Crawl Stone Soup version 0.20.0-15-g7f486f2 (webtiles) character file.

4692 Gargoyl the Cleaver (level 10, -4/74 HPs)
             Began as a Black Draconian Abyssal Knight on June 13, 2017.
             Was a Priest of Lugonu.
             Slain by a two-headed ogre
             ... wielding a +0 giant club
              (19 damage)
             ... on level 10 of the Dungeon.
             The game lasted 00:22:02 (11820 turns).

Gargoyl the Cleaver (DrAK)                         Turns: 11820, Time: 00:22:02

Health: -4/74      AC: 10    Str: 16    XL:     10   Next: 21%
Magic:  25/25      EV: 17    Int: 13    God:    Lugonu [***...]
Gold:   359        SH:  3    Dex: 14    Spells: 9/9 levels left

rFire    . . .     SeeInvis .   a - +1 hand axe
rCold    + . .     Gourm    .   (no shield)
rNeg     . . .     Faith    .   (armour unavailable)
rPois    +         Spirit   .   (helmet restricted)
rElec    +         Reflect  +   f - +0 cloak
rCorr    .         Harm     .   c - +1 pair of gloves
MR       .....                  (no boots)
Stlth    +++.......             z - +3 amulet of reflection
Regen    0.3/turn               p - ring of protection from cold
MPRegen  0.2/turn               y - ring of magical power

@: short of breath, drained
A: breathe lightning, unfitting armour, hooves 1, agile 1, frail 1, high mp 1,
poison resistance, electricity resistance, cold-blooded, AC +7
a: Breathe Lightning, Depart the Abyss, Bend Space, Banish, Renounce Religion


You were on level 10 of the Dungeon.
You worshipped Lugonu.
Lugonu was most pleased with you.
You were not hungry.

You visited 1 branch of the dungeon, and saw 10 of its levels.
You visited the Abyss 1 time.

You collected 531 gold pieces.
You spent 172 gold pieces at shops.

Inventory:

Hand Weapons
 a - a +1 hand axe (weapon)
Missiles
 s - 3 tomahawks of returning (quivered)
Armour
 c - a +1 pair of gloves (worn)
 f - a +0 cloak (worn)
Jewellery
 h - a +4 ring of strength {unknown}
 p - a ring of protection from cold (left hand)
 y - a ring of magical power (right hand)
 z - a +3 amulet of reflection (around neck)
Wands
 n - a wand of digging (15/24)
 t - a wand of random effects (34/48)
 v - a wand of polymorph (15/24)
 w - a wand of scattershot (5/9)
Scrolls
 e - 2 scrolls of identify
 o - a scroll of fear
 x - a scroll of amnesia
 A - a scroll of teleportation
 B - a scroll of enchant weapon {unknown}
Potions
 d - a potion of agility
 j - 4 potions of curing
 k - 2 potions of berserk rage
 l - 2 potions of invisibility
 q - 2 potions of lignification {unknown}
 r - a potion of haste {unknown}
 u - 2 potions of flight {unknown}
Comestibles
 b - 3 bread rations
 g - a meat ration
 i - 7 fruits
 m - 4 royal jellies


   Skills:
 + Level 6.3(6.0) Fighting
 + Level 8.2(7.9) Axes
   Level 0.6(4.8) Polearms
 * Level 8.0(7.6) Dodging
 * Level 5.6(5.3) Stealth
 * Level 6.7(6.5) Invocations


You had 9 spell levels left.
You didn't know any spells.

Dungeon Overview and Level Annotations

Branches:
Dungeon (10/15)            Temple (0/1) D:6
   Lair: D:8-11         Orc: D:9-12

Altars:
Dithmenos
Elyvilon
Gozag
Kikubaaqudgha
Trog
Zin

Shops:
D:6 *%   D:7 =   D:10 *

Annotations:
Abyss:1 Prince Ribbit


Innate Abilities, Weirdness & Mutations

You can breathe wild blasts of lightning.
Your glossy black scales are hard. (AC +7)
You cannot fit into any form of body armour.
You are resistant to electric shocks. (rElec)
You are cold-blooded and may be slowed by cold attacks.
You have large cloven feet.
You are agile. (Dex +2)
You are frail. (-10% HP)
You have an increased reservoir of magic. (+10% MP)
Your system is resistant to poisons. (rPois)


Message History

You hit the two-headed ogre but do no damage.
You kick the two-headed ogre, but do no damage.
The two-headed ogre misses you. You block the two-headed ogre's attack.
You barely miss the two-headed ogre.
You kick the two-headed ogre, but do no damage.
You tail-slap the two-headed ogre, but do no damage.
The two-headed ogre barely misses you. The two-headed ogre closely misses you.
You hit the two-headed ogre.
The two-headed ogre is lightly wounded.
You hit the two-headed ogre but do no damage.
You kick the two-headed ogre, but do no damage.
The two-headed ogre is lightly wounded.
The two-headed ogre hits you with a giant club.
The two-headed ogre hits you with a giant club!!
* * * LOW HITPOINT WARNING * * *
Press: ? - help, Shift-Dir - straight line, f - two-headed ogre
Aim: a two-headed ogre, wielding two giant clubs (lightly wounded, chance to defeat MR: 71%)
You fail to use your ability.
The two-headed ogre hits you with a giant club!!
You die...

######
#...@#
#..O)#
#......#
#.#..[.#
#O####.#
# ..#
... ....


You could see a two-headed ogre.

Vanquished Creatures
  Pikel (D:5)
  The ghost of ArtsTyrian the Shield-Bearer, a novice FoFi (D:4)
  Sigmund (D:5)
  Eustachio (D:6)
  Grum (D:8)
  The ghost of ArtsTyrian the Charmwright, an amateur FoSk (D:3)
  Duvessa (D:6)
  A black bear (D:8)
  3 ice beasts
  3 sky beasts
  3 wolves (D:8)
  2 ogres (D:9)
  A necrophage (D:5)
  A centaur (D:10)
  2 bullfrogs
  A big kobold (D:10)
  Dowan (D:6)
  3 scorpions
  A wight (D:10)
  3 howler monkeys (D:7)
  A crimson imp (D:7)
  A bullfrog skeleton (D:5)
  2 hounds
  A centaur zombie (D:7)
  5 orc priests
  7 orc wizards
  An iguana (D:6)
  9 worker ants
  A hound skeleton (D:4)
  2 worker ant zombies (D:5)
  A howler monkey skeleton (D:4)
  4 gnolls (D:7)
  5 adders
  7 worms
  4 dart slugs
  7 leopard geckos
  28 orcs
  A ball python (D:3)
  3 bats
  6 giant cockroaches
  3 goblins
  9 hobgoblins
  18 jackals
  3 quokkas
  6 frilled lizards
  A jackal skeleton (D:4)
  8 kobolds
  A quokka skeleton (D:5)
  A quokka zombie (D:7)
  4 rats
182 creatures vanquished.

Vanquished Creatures (others)
  A sixfirhy (D:7)
  An orc warrior (D:8)
  2 slaves (D:6)
  An ice beast (D:5)
  A necrophage (D:6)
  A hound (D:6)
  An orc priest (D:7)
  A worker ant zombie (D:6)
  An orc (D:6)
10 creatures vanquished.

Grand Total: 192 creatures vanquished

Notes
Turn   | Place    | Note
-------+----------+-------------------------------------------
     0 | Abyss:1  | Gargoyl the Draconian Abyssal Knight began the quest for the Orb.
     0 | Abyss:1  | Reached XP level 1. HP: 19/19 MP: 2/2
    75 | Abyss:1  | Noticed a smoke demon
    84 | D:1      | Escaped the Abyss
   133 | D:1      | Reached * piety under Lugonu
   458 | D:1      | Reached XP level 2. HP: 24/26 MP: 3/3
   991 | D:2      | Reached XP level 3. HP: 20/33 MP: 4/4
  1925 | D:2      | Reached XP level 4. HP: 40/40 MP: 5/5
  2111 | D:3      | Noticed ArtsTyrian's ghost (amateur FoSk)
  2139 | D:3      | Killed ArtsTyrian's ghost
  2139 | D:3      | Reached skill level 1 in Stealth
  2139 | D:3      | Reached XP level 5. HP: 28/46 MP: 5/7
  2347 | D:3      | Found a glowing silver altar of Zin.
  2347 | D:3      | Found an opulent altar of Gozag.
  2436 | D:3      | Reached ** piety under Lugonu
  3211 | D:4      | Reached XP level 6. HP: 26/52 MP: 8/8
  3686 | D:4      | Found an ancient bone altar of Kikubaaqudgha.
  3857 | D:4      | Noticed ArtsTyrian's ghost (novice FoFi)
  3968 | D:3      | Gained mutation: You expend magic power (3 MP) to strengthen your wands. [potion of mutation]
  3968 | D:3      | Gained mutation: Your tail ends in a poisonous barb. [potion of mutation]
  4285 | D:4      | Killed ArtsTyrian's ghost
  4285 | D:4      | Your scales start taking on a glossy black colour.
  4285 | D:4      | Reached XP level 7. HP: 60/60 MP: 9/9
  4285 | D:4      | Gained mutation: You are resistant to electric shocks. (rElec) [Black Draconian growth]
  4372 | D:4      | Found a bloodstained altar of Trog.
  4498 | D:4      | Found a white marble altar of Elyvilon.
  4590 | D:4      | Found a shadowy altar of Dithmenos.
  4690 | D:4      | Reached *** piety under Lugonu
  4764 | D:4      | Reached skill level 5 in Axes
  5123 | D:5      | Entered Level 5 of the Dungeon
  5153 | D:5      | Noticed Sigmund
  5316 | D:5      | Killed Sigmund
  5316 | D:5      | Reached skill level 5 in Dodging
  5316 | D:5      | Reached XP level 8. HP: 65/67 MP: 9/11
  5468 | D:5      | Reached skill level 5 in Fighting
  6758 | D:5      | Reached skill level 5 in Invocations
  6822 | D:6      | Found Okhozox's Assorted Antiques.
  6833 | D:6      | Noticed Prince Ribbit
  7310 | D:5      | Banished Prince Ribbit
  7477 | D:6      | Noticed Pikel
  7490 | D:5      | Killed Pikel
  7490 | D:5      | Reached XP level 9. HP: 52/74 MP: 11/13
  7627 | D:6      | Found Bowayn's Food Boutique.
  7918 | D:6      | Noticed Eustachio
  7931 | D:6      | Killed Eustachio
  7942 | D:6      | Noticed Duvessa
  7942 | D:6      | Noticed Dowan
  7944 | D:6      | Found a staircase to the Ecumenical Temple.
  7979 | D:6      | Killed Duvessa
  7998 | D:6      | Killed Dowan
  9156 | D:7      | Found Baqoit's Jewellery Shop.
  9163 | D:7      | Bought a +3 amulet of reflection for 172 gold pieces
  9211 | D:7      | Noticed a sixfirhy
  9213 | D:7      | Found a runed door.
  9226 | D:7      | Banished a sixfirhy
  9226 | D:7      | Reached skill level 5 in Stealth
  9440 | D:7      | Lost mutation: Your tail ends in a poisonous barb. [potion of mutation]
  9440 | D:7      | Lost mutation: You expend magic power (3 MP) to strengthen your wands. [potion of mutation]
  9440 | D:7      | Gained mutation: You are frail. (-10% HP) [potion of mutation]
  9440 | D:7      | Gained mutation: You have an increased reservoir of magic. (+10% MP) [potion of mutation]
  9440 | D:7      | Gained mutation: Your system is resistant to poisons. (rPois) [potion of mutation]
  9946 | D:8      | Noticed Grum
  9962 | D:8      | Killed Grum
 10039 | D:8      | Reached XP level 10. HP: 18/74 MP: 16/16
 11057 | D:9      | Gained mutation: You are agile. (Dex +2) [mutagenic meat]
 11058 | D:9      | Gained mutation: You have large cloven feet. [mutagenic meat]
 11492 | D:9      | Noticed a two-headed ogre
 11497 | D:10     | Entered Level 10 of the Dungeon
 11744 | D:10     | Found Bisirr's General Store.
 11782 | D:10     | Noticed a two-headed ogre
 11790 | D:10     | Noticed a two-headed ogre
 11820 | D:10     | Slain by a two-headed ogre

Skill      XL: |  1  2  3  4  5  6  7  8  9 10 |
---------------+-------------------------------+-----
Fighting       | 4 5 6 |  6.3
Axes           | 3 4 5 7 8 |  8.2
Dodging        | 3 4 5 6 7 8 |  8.0
Stealth        | 1 2 3 4 5 |  5.6
Invocations    | 3 4 5 6 |  6.7
Polearms       | |  0.6

Action                   |  1- 3 |  4- 6 |  7- 9 | 10-12 || total
-------------------------+-------+-------+-------+-------++-------
Melee: Hand axe          |   141 |   162 |   423 |    58 ||   784
       Tailslap          |    10 |    20 |    57 |    20 ||   107
       Trident           |       |       |       |    55 ||    55
       Kick              |       |       |       |    16 ||    16
Throw: Tomahawk          |       |       |     4 |       ||     4
Invok: Depart the Abyss  |     1 |       |       |       ||     1
       Banish            |       |       |     5 |     1 ||     6
 Abil: Breathe Lightning |       |       |    27 |     6 ||    33
  Use: Scroll            |     5 |     9 |     3 |     5 ||    22
       Potion            |       |     2 |     5 |     1 ||     8
 Stab: Sleeping          |       |     1 |     1 |     1 ||     3
       Distracted        |       |       |     2 |       ||     2
  Eat: Chunk             |     3 |     7 |    14 |     3 ||    27
       Bread ration      |       |     1 |       |     2 ||     3
       Fruit             |       |       |     3 |       ||     3
       Meat ration       |       |       |     1 |       ||     1
Armor: Skin              |    51 |    61 |   153 |    20 ||   285
Dodge: Dodged            |    95 |   132 |   360 |   113 ||   700
Block: Other             |       |       |     4 |    16 ||    20
